 Dungeon Crawl Stone Soup version 0.25.1-11-g244df3a29b (webtiles) character file.

Game seed: 9183438189530467088

164 DeepDeath the Poker (level 5, -1/38 HPs)
             Began as a Formicid Gladiator on Jan 3, 2024.
             Slain by an ogre
             ... wielding a cursed +0 giant club
              (15 damage)
             ... on level 3 of the Dungeon.
             The game lasted 00:04:52 (2302 turns).

DeepDeath the Poker (Formicid Gladiator)            Turns: 2302, Time: 00:04:53

Health: -1/38      AC:  3    Str: 20    XL:     5   Next: 73%
Magic:  5/5        EV: 12    Int:  7    God:
Gold:   155        SH:  0    Dex: 12    Spells: 4/4 levels left

rFire    . . .     SeeInvis +   a - +0 trident
rCold    . . .     Gourm    .   (no shield)
rNeg     . . .     Faith    +   b - +0 leather armour
rPois    .         Spirit   .   (helmet unavailable)
rElec    .         Reflect  .   (no cloak)
rCorr    .         Harm     .   (no gloves)
MR       .....                  (no boots)
Stlth    +.........             f - amulet of faith
HPRegen  0.12/turn              (no ring)
MPRegen  0.09/turn              (no ring)

@: no status effects
A: permanent stasis, dig shafts and tunnels, four strong arms, antennae 3
a: Dig, Shaft Self


You were on level 3 of the Dungeon.
You were hungry.

You visited 1 branch of the dungeon, and saw 3 of its levels.

You collected 155 gold pieces.

Inventory:

Hand Weapons
 a - a +0 trident (weapon)
 r - a cursed -3 war axe
Missiles
 g - 33 bolts
 i - 10 poisoned darts
 j - 56 arrows
 m - 86 stones (quivered)
 N - 2 throwing nets
Armour
 b - a +0 leather armour (worn)
 n - a cursed +0 robe
Jewellery
 f - an amulet of faith (around neck)
Scrolls
 c - 2 scrolls of magic mapping
 u - a scroll of amnesia {unknown}
Potions
 e - 2 potions of heal wounds {unknown}
 h - a potion of lignification
 k - a potion of ambrosia
 l - 3 potions of curing
 o - a potion of mutation {unknown}
 p - a potion of might {unknown}
 q - 2 potions of stabbing {unknown}
 s - a potion of cancellation {unknown}
 t - a potion of degeneration {unknown}
Comestibles
 d - 2 rations


   Skills:
 - Level 2.1 Fighting
 * Level 5.7 Polearms
 - Level 2.0 Throwing
 - Level 1.0 Armour
 - Level 2.6 Dodging
 - Level 1.0 Stealth


You had 4 spell levels left.
You didn't know any spells.
Your spell library was empty.

Dungeon Overview and Level Annotations

Branches:
Dungeon (3/15)

Altars:
Cheibriados
Elyvilon


Innate Abilities, Weirdness & Mutations

You cannot be hasted, slowed, berserked, paralysed or teleported.
You can dig through walls and to a lower floor.
Your four strong arms can wield two-handed weapons with a shield.
You have a pair of large antennae on your head. (SInv)


Message History

You are feeling hungry.
Unknown command.
The adder bites you.
Okay, then.
Unknown command.
You hit the adder but do no damage. The adder bites you.
You are poisoned.
The adder poisons you! The adder bites you.
You barely miss the adder.
You feel sick. The adder barely misses you.
You hit the adder but do no damage. The adder barely misses you.
You closely miss the adder. The adder barely misses you.
The adder bites you but does no damage.
You puncture the adder!
You kill the adder!
You feel sick.
You feel sick.
You feel sick.
You are no longer poisoned.
The ogre hits you with a cursed +0 giant club!
You die...

###.#####.##########.#.#.##..#
#......##................##..#
#.#.#..##....>...###.#.####...
#.#........###.#.###.#......$$
#.#........##........##### #..
#.##.#.........#.......# #..
##.##.####..###.#..#..#.# #..
###...#.####............#†# #..
......#........^@O........# #..
.##...###.......#.#.......#####..
.###..# #.......#...........O....
.#....# #........##..............
.#.##.# #........##..............
......# #........##?......#####..
##.#### #........##...[..)# #..
#.# ##########.##.##.##)# #.. #.#
##....<## #.##.##.##.# #..


You could see an ogre.

Vanquished Creatures
  4 adders
  7 gnolls
  A dart slug (D:2)
  A leopard gecko (D:1)
  7 bats
  7 giant cockroaches
  2 goblins
  6 hobgoblins
  6 jackals
  4 quokkas
  4 frilled lizards
  4 kobolds
  8 rats
61 creatures vanquished.

Notes
Turn   | Place    | Note
-------+----------+-------------------------------------------
     0 | D:1      | DeepDeath the Formicid Gladiator began the quest for the
                  | Orb.
     0 | D:1      | Reached XP level 1. HP: 16/16 MP: 1/1
   218 | D:1      | Reached XP level 2. HP: 17/22 MP: 2/2
   222 | D:1      | Reached skill level 1 in Stealth
   291 | D:1      | Reached skill level 1 in Armour
   366 | D:1      | Reached XP level 3. HP: 20/27 MP: 3/3
   734 | D:2      | Reached skill level 4 in Polearms
  1176 | D:2      | Reached XP level 4. HP: 30/33 MP: 4/4
  1346 | D:2      | Found a white marble altar of Elyvilon.
  1532 | D:2      | Found a snail-covered altar of Cheibriados.
  1773 | D:3      | Reached skill level 5 in Polearms
  1779 | D:2      | Reached XP level 5. HP: 28/38 MP: 5/5
  2264 | D:3      | Noticed an ogre
  2302 | D:3      | Slain by an ogre

Illustrated notes

Levels and vault maps discovered:
D:1:      saegor_arrival_simple_a, layout_loops_ring, hex_tiny
D:2:      layout_loops_ring, elyvilon_altar_5, lemuel_doored_altar,
          minmay_misc_feat_plants
D:3:      layout_loops_cross, gammafunk_temple_overflow_statue,
          chequers_ecumenical_altar_twisty, first_ration, uniq_sigmund

Skill      XL: |  1  2  3  4 |
---------------+-------------+-----
Stealth        | 1 |  1.0
Armour         | 1 |  1.0
Polearms       | 4 5 |  5.7
Fighting       | |  2.1
Throwing       | |  2.0
Dodging        | |  2.6

Action                   |  1- 3 |  4- 6 || total
-------------------------+-------+-------++-------
Melee: Trident           |   103 |    83 ||   186
Throw: Throwing net      |     2 |       ||     2
       Stone             |     1 |    21 ||    22
  Use: Scroll            |     6 |     1 ||     7
 Stab: Sleeping          |     3 |       ||     3
  Eat: Chunk             |     1 |     3 ||     4
Armor: Leather armour    |     8 |    22 ||    30
Dodge: Dodged            |    55 |    46 ||   101
